 Dungeon Crawl Stone Soup version 0.20.0-8-g6b59dc7 (webtiles) character file.

137 MTVSty1e the Ruffian (level 5, -1/45 HPs)
             Began as a Draconian Transmuter on June 1, 2017.
             Slain by kraftydee's ghost (6 damage)
             ... on level 3 of the Dungeon.
             The game lasted 00:05:00 (1962 turns).

MTVSty1e the Ruffian (Draconian Transmuter)         Turns: 1962, Time: 00:05:01

Health: -1/45      AC:  2    Str: 12    XL:     5   Next: 0%
Magic:  5/8        EV: 19    Int: 20    God:
Gold:   172        SH:  0    Dex: 16    Spells: 4/8 levels left

rFire    . . .     SeeInvis .     - Unarmed
rCold    . . .     Gourm    .   (shield currently unavailable)
rNeg     . . .     Faith    .   (armour unavailable)
rPois    x         Spirit   .   (helmet currently unavailable)
rElec    .         Reflect  .   (cloak currently unavailable)
rCorr    .         Harm     .   (gloves currently unavailable)
MR       .....                  (boots currently unavailable)
Stlth    +.........             o - amulet of magic regeneration
Regen    0.2/turn               (no ring)
MPRegen  0.2/turn               (no ring)

@: brilliant, spider-form, hasted, very quick
A: unfitting armour, AC +5
a: End Transformation


You were on level 3 of the Dungeon.
You were not hungry.
You were a venomous arachnid creature.
You visited 1 branch of the dungeon, and saw 3 of its levels.

You collected 172 gold pieces.

Inventory:

Missiles
 a - 73 arrows
Jewellery
 o - an amulet of magic regeneration (around neck)
Scrolls
 j - 2 scrolls of teleportation
 l - a scroll of recharging {unknown}
 m - a scroll of remove curse {unknown}
 n - a scroll of identify {unknown}
Potions
 e - 2 potions of haste
 k - a potion of flight {unknown}
Books
 b - a book of Changes

   Spells                             Type                      Level
   a - Beastly Appendage              Transmutation                1
   b - Sticks to Snakes               Transmutation                2
   c - Spider Form                    Transmutation/Poison         3
   d - Ice Form                       Ice/Transmutation            4
   e - Blade Hands                    Transmutation                5
Comestibles
 c - 3 bread rations
 h - 2 meat rations
 p - 4 fruits


   Skills:
 + Level 3.0 Fighting
 - Level 1.7 Dodging
 * Level 4.5 Unarmed Combat
 - Level 2.0 Spellcasting
 + Level 2.8 Transmutations


You had 4 spell levels left.
You knew the following spells:

 Your Spells              Type           Power        Failure   Level  Hunger
a - Beastly Appendage     Tmut           ####..       1%          1    #......
b - Spider Form           Tmut/Pois      ###.......   6%          3    ###....


Dungeon Overview and Level Annotations

Branches:
Dungeon (3/15)

Altars:
Ru
Yredelemnul

Annotations:
D:3 kraftydee's ghost, amateur DrSk


Innate Abilities, Weirdness & Mutations

((Your plain brown scales are hard. (AC +5)))
You cannot fit into any form of body armour.
((You are cold-blooded and may be slowed by cold attacks.))


Message History

Kraftydee's ghost is moderately damaged.
Kraftydee's ghost hits you.
You hit kraftydee's ghost but do no damage.
Kraftydee's ghost is moderately damaged.
Your transformation has ended.
Kraftydee's ghost hits you.
* * * LOW HITPOINT WARNING * * *
Casting: Spider Form
Confirm with . or Enter, or press ? or * to list all spells.
You turn into a venomous arachnid creature.
Kraftydee's ghost closely misses you.
You feel yourself speed up. Kraftydee's ghost hits you!
* * * LOW HITPOINT WARNING * * *
You hit kraftydee's ghost.
Kraftydee's ghost is heavily damaged.
You hit kraftydee's ghost but do no damage.
Kraftydee's ghost is heavily damaged.
Kraftydee's ghost screams, "You will join me soon!"
Kraftydee's ghost hits you.
You die...

#####...#
#.......#
#......$#
#.......#
###.......##
#)..........
#)#.oo.o..#
#W#...g...#
#s#.......#
#.#.......#
#.#########
#.. ####


You could see kraftydee's ghost.

Vanquished Creatures
  An orc priest (D:3)
  An orc wizard (D:3)
  An adder (D:2)
  An ooze (D:3)
  2 worms (D:2)
  A dart slug (D:2)
  2 leopard geckos
  3 orcs (D:3)
  6 bats
  A giant cockroach (D:1)
  6 goblins
  8 hobgoblins
  3 jackals (D:1)
  A ball python (D:2)
  4 frilled lizards
  9 kobolds
  9 rats
59 creatures vanquished.

Notes
Turn   | Place    | Note
-------+----------+-------------------------------------------
     0 | D:1      | MTVSty1e the Draconian Transmuter began the quest for the Orb.
     0 | D:1      | Reached XP level 1. HP: 16/16 MP: 3/3
   197 | D:1      | Reached XP level 2. HP: 20/24 MP: 5/5
   601 | D:1      | Reached XP level 3. HP: 20/29 MP: 6/6
   895 | D:1      | Learned a level 3 spell: Spider Form
   997 | D:2      | Found a basalt altar of Yredelemnul.
  1064 | D:2      | Reached skill level 4 in Unarmed Combat
  1380 | D:2      | Found a sacrificial altar of Ru.
  1532 | D:2      | Reached XP level 4. HP: 36/37 MP: 5/7
  1772 | D:3      | Noticed kraftydee's ghost (amateur DrSk)
  1946 | D:3      | Reached XP level 5. HP: 22/45 MP: 5/8
  1962 | D:3      | Slain by kraftydee's ghost

Skill      XL: |  1  2  3  4 |
---------------+-------------+-----
Fighting       | 2 3 |  3.0
Unarmed Combat | 4 |  4.5
Dodging        | |  1.7
Spellcasting   | |  2.0
Transmutations | |  2.8

Action                   |  1- 3 |  4- 6 || total
-------------------------+-------+-------++-------
Melee: Unarmed           |   145 |    56 ||   201
       Kick              |     6 |     4 ||    10
       Tailslap          |    13 |     2 ||    15
       Headbutt          |     7 |       ||     7
       Punch             |     1 |       ||     1
 Cast: Beastly Appendage |    18 |     1 ||    19
       Spider Form       |     1 |     3 ||     4
  Use: Scroll            |       |     3 ||     3
       Potion            |       |     3 ||     3
 Stab: Sleeping          |     1 |     1 ||     2
  Eat: Meat ration       |     1 |       ||     1
Armor: Skin              |    40 |     4 ||    44
Dodge: Dodged            |    83 |    34 ||   117
